 Dungeon Crawl Stone Soup version 0.29-a0-582-ge82337ba6a (webtiles) character file.

Game seed: 7046222531523043049

3080 HoaS the Gouger (level 9, 0/47 HPs)
             Began as a Felid Berserker on June 14, 2022.
             Was an Elder of Trog.
             Slain by a hornet (10 damage)
             ... on level 10 of the Dungeon.
             The game lasted 00:22:10 (14471 turns).

HoaS the Gouger (Felid Berserker)                  Turns: 14471, Time: 00:22:11

Health: 0/47       AC:  2    Str: 13    XL:     9   Next: 58%
Magic:  0/10       EV: 25    Int: 10    God:    Trog [****..]
Gold:   480        SH:  0    Dex: 19    Spells: 8/8 levels left
                                        Lives:  0   Deaths: 3

rFire   . . .      SeeInvis +     - Unarmed
rCold   + . .      Faith    .   (shield unavailable)
rNeg    . . .      Spirit   +   (body armour unavailable)
rPois   .          Reflect  .   (helmet unavailable)
rElec   .          Harm     .   (cloak unavailable)
rCorr   .          Rampage  .   (gloves unavailable)
Will    +....                   (boots unavailable)
Stlth   ++........              b - amulet of guardian spirit
HPRegen 0.15/turn               j - ring of protection from cold
MPRegen 0.12/turn               (no ring)

@: lethally poisoned (0 -> -4), slowed, slow
A: very small, claws 1, fangs 3, see invisible, speed 1, shaggy fur 2, stealthy
paws, no weapons or thrown items, no armour, multi-lived
a: Renounce Religion, Berserk, Trog's Hand, Brothers in Arms


You were on level 10 of the Dungeon.
You worshipped Trog.
Trog was greatly pleased with you.
You visited 1 branch of the dungeon, and saw 10 of its levels.
You also visited: Sewer and Bailey.

You collected 700 gold pieces.
You spent 220 gold pieces at shops.

Inventory:

Jewellery
 b - an amulet of guardian spirit (around neck)
 j - a ring of protection from cold (left paw)
Wands
 q - a wand of charming (3)
 u - a wand of mindburst (12)
 v - a wand of flame (5) (quivered)
Scrolls
 e - 2 scrolls of summoning
 f - 4 scrolls of teleportation
 h - 5 scrolls of identify
 r - 6 scrolls of magic mapping
 s - 3 scrolls of fog
Potions
 a - 3 potions of cancellation
 c - 2 potions of berserk rage
 d - 10 potions of curing
 g - a potion of might
 i - 3 potions of invisibility
 k - a potion of mutation
 l - a potion of resistance {unknown}
 m - a potion of heal wounds
 n - 4 potions of ambrosia
 o - 2 potions of lignification
 p - 2 potions of haste


   Skills:
 * Level 10.7 Fighting
 + Level 10.2 Dodging
 * Level 11.8 Unarmed Combat


You had 8 spell levels left.
You didn't know any spells.
Your spell library was empty.

Dungeon Overview and Level Annotations

Branches:
Dungeon (10/15)            Temple (0/1) D:7            Lair (0/6) D:9
    Orc (0/2) D:9           Sewer (visited)          Bailey (visited)

Altars:
Ashenzari
Makhleb
Sif Muna
The Shining One

Shops:
D:1 [   D:2 (   D:4 *   D:9 !

Annotations:
D:4 2 transporters, DuloT34's ghost, amateur DsNe
D:10 Nergalle


Innate Abilities, Weirdness & Mutations

You have sharp claws.
You have razor-sharp teeth.
You have supernaturally acute eyesight. (SInv)
You cover ground quickly. (Speed+)
You are covered in thick fur. (AC +2)
Your paws help you pounce on unaware monsters.
You are incapable of wielding weapons or throwing items.
You cannot wear armour.
You gain extra lives every three experience levels.


Message History

You swing at nothing.
You swing at nothing.
You swing at nothing.
You swing at nothing.
You swing at nothing.
You swing at nothing.
You swing at nothing.
You swing at nothing.
You swing at nothing.
You swing at nothing.
The hornet buzzes angrily.
You swing at nothing.
You swing at nothing.
You swing at nothing.
You claw the hornet!
The hornet is moderately wounded.
The hornet barely misses you.
You miss the hornet.
The hornet is moderately wounded.
The hornet stings you but does no damage.
You closely miss the hornet.
The hornet is moderately wounded.
The hornet closely misses you.
You barely miss the hornet.
The hornet is moderately wounded.
The hornet stings you.
You suddenly lose the ability to move!
The hornet stings you but does no damage.
The hornet stings you!
You are poisoned.
You feel yourself slow down.
You feel sick. The hornet stings you!
You feel as though you will be slow longer.
The hornet stings you.
You feel as though you will be slow longer.
You feel sick. The hornet barely misses you.
You can move again.
You scratch the hornet but do no damage.
The hornet is moderately wounded.
You feel sick. The hornet stings you!
You die...

..'....##......#
########.....##
..#######......#
#.###..# ..#
#......### #.# ##..
..# #...>....#
####.# ### ###
####+###.######....#
#.....##.##.####
#...............
#.#############. #@#
#y# #.# #.≈ ..≈ #!≈.
..§. ..≈.# ..


You could see a hornet.

Vanquished Creatures
  A death yak (D:9)
  An elephant (D:9)
  Maggie (D:6)
  A hornet (D:8)
  Sigmund (D:2)
  4 yaks (D:8)
  2 wyverns
  2 wraiths
  Eustachio (D:6)
  3 steam dragons (D:8)
  4 acid dragons
  Duvessa (D:6)
  6 orc warriors
  Pargi (Sewer)
  3 sky beasts (D:8)
  5 black bears
  4 centaurs
  A phantom (D:6)
  4 kobold brigands
  A bullfrog (D:7)
  A necrophage (D:6)
  2 scorpions (D:6)
  6 wights (D:8)
  Dowan (D:6)
  7 hounds
  4 jellies
  Crazy Yiuf (D:3)
  5 orc priests
  A gnoll shaman (D:9)
  4 iguanas
  10 orc wizards
  4 gnolls (D:9)
  8 adders
  A shadow imp (D:8)
  3 white imps
  5 worms
  3 dart slugs
  27 orcs
  10 bats
  10 endoplasms
  2 giant cockroaches (D:1)
  7 goblins
  8 hobgoblins
  4 jackals
  4 quokkas
  7 ball pythons
  5 frilled lizards
  17 kobolds
  5 rats
219 creatures vanquished.

Vanquished Creatures (others)
  An orc (D:8)
  A fungus (D:3)
  19 plants
21 creatures vanquished.

Grand Total: 240 creatures vanquished

Notes
Turn   | Place    | Note
-------+----------+-------------------------------------------
     0 | D:1      | HoaS the Felid Berserker began the quest for the Orb.
     0 | D:1      | Reached XP level 1. HP: 10/10 MP: 2/2
    99 | D:1      | Found Georud's Antique Armour Boutique.
   129 | D:1      | Reached XP level 2. HP: 14/14 MP: 3/3
   284 | D:1      | Found a faded altar of an unknown god.
   477 | D:1      | Reached skill level 4 in Unarmed Combat
  1049 | D:2      | Reached XP level 3. HP: 17/17 MP: 4/4
  1079 | D:2      | Reached ** piety under Trog
  1172 | D:2      | Found Xokh's Antique Weapon Shop.
  1220 | D:2      | Noticed Sigmund
  1726 | D:3      | Found a broken altar of Ashenzari.
  1747 | D:3      | Found a burning altar of Makhleb.
  1762 | D:3      | Reached XP level 4. HP: 13/21 MP: 5/5
  1792 | D:3      | Reached skill level 5 in Unarmed Combat
  1960 | D:3      | Found a glowing drain.
  1981 | D:3      | HP: 1/21 [worm (7)]
  1982 | Sewer    | Entered a sewer
  2024 | Sewer    | Noticed Pargi
  2035 | Sewer    | Killed Pargi
  2036 | Sewer    | Reached skill level 6 in Unarmed Combat
  2036 | Sewer    | Reached XP level 5. HP: 24/24 MP: 3/6
  2443 | D:3      | Found a runed translucent door.
  2444 | D:3      | Noticed Crazy Yiuf
  2450 | D:3      | Killed Crazy Yiuf
  2756 | D:2      | Killed Sigmund
  2757 | D:2      | Gained mutation: You are covered in thick fur. (AC +2)
                  | [Felid growth]
  2757 | D:2      | Reached XP level 6. HP: 28/28 MP: 7/7
  3376 | D:4      | Found a transporter.
  3589 | D:4      | Found Cueniwek's Fire Supplies.
  3788 | D:4      | Found a transporter.
  3908 | D:4      | Noticed DuloT34's ghost (amateur DsNe)
  3943 | D:5      | Entered Level 5 of the Dungeon
  4198 | D:5      | Reached skill level 5 in Dodging
  4209 | D:5      | Reached XP level 7. HP: 16/33 MP: 4/8
  4441 | D:5      | Reached skill level 7 in Unarmed Combat
  5159 | D:5      | Reached *** piety under Trog
  5332 | D:6      | Reached skill level 5 in Fighting
  5348 | D:6      | Found a glowing golden altar of the Shining One.
  5608 | D:6      | Noticed Maggie
  5617 | D:6      | Killed Maggie
  5618 | D:6      | Reached XP level 8. HP: 38/38 MP: 9/9
  5773 | D:6      | HP: 1/57 [acid dragon (5)]
  5778 | D:6      | Reached skill level 8 in Unarmed Combat
  6639 | D:6      | Noticed Eustachio
  6814 | D:6      | Noticed Dowan
  6814 | D:6      | Noticed Duvessa
  6825 | D:6      | Killed Duvessa
  6836 | D:6      | Killed Dowan
  7386 | D:6      | Killed Eustachio
  7387 | D:6      | Reached skill level 9 in Unarmed Combat
  7387 | D:6      | Reached XP level 9. HP: 25/43 MP: 7/10
  7716 | D:7      | You fall into a shaft and drop 2 floors!
  8626 | D:7      | Found a staircase to the Ecumenical Temple.
  9163 | D:8      | Engulfed by a steam dragon's steam
  9164 | D:8      | Reached XP level 8. HP: -3/38 MP: 1/9
  9396 | D:8      | Noticed a hornet
  9404 | D:8      | Slain by a hornet
  9405 | D:8      | Reached XP level 7. HP: -2/35 MP: 0/8
  9439 | D:8      | Killed a steam dragon
  9440 | D:8      | Reached skill level 10 in Unarmed Combat
  9602 | D:8      | Noticed a yak
  9602 | D:8      | Noticed a yak
  9603 | D:8      | Noticed a yak
  9624 | D:8      | Killed a yak
  9625 | D:8      | Reached XP level 8. HP: 41/41 MP: 7/9
  9980 | D:8      | Killed a hornet
 10080 | D:8      | Reached XP level 9. HP: 42/45 MP: 10/10
 10834 | D:9      | Found a shimmering blue altar of Sif Muna.
 11388 | D:9      | Found a staircase to the Lair.
 11388 | D:9      | Noticed an elephant
 11390 | D:9      | Noticed a death yak
 11478 | D:9      | Reached **** piety under Trog
 11798 | D:9      | Reached skill level 11 in Unarmed Combat
 12067 | D:9      | Killed a death yak
 12068 | D:9      | Reached skill level 10 in Fighting
 12073 | D:9      | Killed an elephant
 12074 | D:9      | Reached XP level 10. HP: 51/51 MP: 11/11
 12205 | D:9      | Found Mureits's Distillery.
 12211 | D:9      | Bought a potion of curing for 30 gold pieces
 12211 | D:9      | Bought a potion of heal wounds for 50 gold pieces
 12211 | D:9      | Bought a potion of invisibility for 80 gold pieces
 12211 | D:9      | Bought a potion of curing for 30 gold pieces
 12211 | D:9      | Bought a potion of curing for 30 gold pieces
 12481 | D:9      | Reached skill level 10 in Dodging
 12497 | D:9      | Killed from afar by an orc wizard
 12498 | D:9      | Reached XP level 9. HP: 0/47 MP: 0/10
 13167 | D:9      | Found a staircase to the Orcish Mines.
 13337 | D:10     | Entered Level 10 of the Dungeon
 13670 | D:10     | Found a flagged portal.
 13686 | Bailey   | Entered a bailey
 13858 | Bailey   | Noticed an orc knight
 14318 | D:10     | Noticed Nergalle
 14467 | D:10     | Paralysed by a hornet for 3 turns
 14471 | D:10     | Slain by a hornet

Illustrated notes

Levels and vault maps discovered:
D:1:      lemuel_arrival_room, layout_basic,
          hellmonk_ecumenical_altar_inner_sanctum, serial_shops, shop_statue,
          grunt_decor_arrowhead, minmay_misc_feat_square,
          hangedman_decor_clover_reticule, minmay_misc_feat_chi
D:2:      layout_rooms, serial_shops, shop, serial_bayou, serial_bayou_pond_d,
          serial_bayou_crossing, serial_bayou_shore_a, serial_bayou_pond_b,
          uniq_sigmund
D:3:      layout_basic, mainiacjoe_overflow_large_starburst,
          cheibrodos_sewer_entry_bend, uniq_crazy_yiuf_cottage
D:4:      layout_basic, gammafunk_ghost_gnarly_gnolls, nicolae_shop_fire_sale
          [nicolae_sub_dead_trees]
D:5:      layout_cave_pools
D:6:      layout_loops_ring, mainiacjoe_overflow_concentric_impassable,
          uniq_duvessa, uniq_eustachio, uniq_maggie
D:7:      layout_loops_cross, minmay_temple_entry_poolview
D:8:      layout_basic, minmay_misc_feat_cross, hangedman_misty_isle
D:9:      layout_roguey, lemuel_round_altar, david_lair_generic, david_orc_4,
          serial_shops, nicolae_shop_hallway_plus
D:10:     layout_roguey, enter_bailey_2, minmay_rotating_lava, uniq_erolcha,
          uniq_lodul, uniq_nergalle

Skill      XL: |  1  2  3  4  5  6  7  8  9 10 |
---------------+-------------------------------+-----
Unarmed Combat | 4 6 10 9 11 | 11.8
Fighting       | 4 5 9 10 | 10.7
Dodging        | 5 6 7 9 10 | 10.2

Action                   |  1- 3 |  4- 6 |  7- 9 | 10-12 || total
-------------------------+-------+-------+-------+-------++-------
Melee: Unarmed           |   112 |   135 |   462 |    48 ||   757
       Punch             |     3 |     7 |    18 |     8 ||    36
       Bite              |     4 |    12 |    64 |     6 ||    86
Invok: Berserk           |     1 |     3 |    12 |     1 ||    17
       Trog's Hand       |       |       |       |     1 ||     1
Evoke: Wand              |       |       |     9 |       ||     9
  Use: Scroll            |     7 |       |    14 |       ||    21
       Potion            |       |     1 |       |       ||     1
 Stab: Sleeping          |     7 |     2 |     4 |       ||    13
Armor: Skin              |     3 |    10 |    14 |     2 ||    29
Dodge: Dodged            |    89 |   105 |   403 |    38 ||   635

Table legend: (Time is in decaauts)
 A = Elapsed time spent in this place.
 B = Non-inter-level travel time spent in this place.
 C = Inter-level travel time spent in this place.
 D = Time resting spent in this place.
 E = Time spent auto-exploring this place.
 F = Levels seen in this place.
 G = Mean time per level.
                   A        B        C        D        E       F      G
               +--------+--------+--------+--------+--------+-----+--------+
         Total |  13343 |  13090 |    253 |   7421 |   3755 |  12 | 1111.9 |
       Dungeon |  12985 |  12732 |    253 |   7235 |   3712 |  10 | 1298.5 |
         Sewer |    180 |    180 |      0 |     90 |     30 |   1 |  180.0 |
        Bailey |    178 |    178 |      0 |     96 |     13 |   1 |  178.0 |
               +--------+--------+--------+--------+--------+-----+--------+

Top non-repeatable levels by time:
     D:8: 2568 daAuts
     D:6: 2198 daAuts
     D:9: 2192 daAuts
     D:3: 1245 daAuts
     D:4: 1090 daAuts
     D:1: 906 daAuts
     D:7: 836 daAuts
     D:2: 713 daAuts
     D:5: 658 daAuts
    D:10: 574 daAuts
   Sewer: 180 daAuts
  Bailey: 178 daAuts
